Map: Nightscape LE

Players

terminator

  • Race: Terran Terran
  • League: Diamond
  • Spawn Location: 1:00

Правоверный

  • Race: Terran Terran
  • League: Gold
  • Spawn Location: 1:00

Massa - Winner!

  • Race: Terran Terran
  • League: Platinum
  • Spawn Location: 7:00

qqq - Winner!

  • Race: Zerg Zerg
  • League: Platinum
  • Spawn Location: 7:00

VOD

Have the link to the VOD?

Description

Time

  • Played on: Sept. 5, 2020, 5:57 p.m.
  • Length: 16:42
Show
View Real Time Build Order
Export as new Build Order

terminator Terran 

Build Orders:  

Get SALT Encoding   

  12  0:00  SCV  
  13  0:12  SCV  
  14  0:20  Supply Depot  
  14  0:24  SCV  
  15  0:44  SCV  
  15  0:45  Barracks  
  15  0:46  Refinery  
  16  0:56  SCV  
  17  1:09  SCV  
  18  1:21  SCV  
  19  1:40  Reaper  
  19  1:42  Orbital Command  
  20  2:07  Factory  
  20  2:11  SCV  
  21  2:20  Marine  
  22  2:23  SCV  
  22  2:26  Command Center  
  22  2:27  Supply Depot  
  23  2:44  Barracks Reactor  
  23  3:06  SCV  
  24  3:17  Starport  
  24  3:18  SCV  
  25  3:30  SCV  
  26  3:37  Hellion x2  
  26  3:38  Marine  
  31  3:42  Refinery, SCV  
  31  3:44  Orbital Command  
  32  3:50  Barracks  
  32  3:53  Barracks  
  32  3:54  Barracks  
  32  3:55  SCV  
  33  4:01  Hellion x2  
  37  4:02  Liberator  
  40  4:11  Marine  
  40  4:14  SCV  
  40  4:16  Supply Depot  
  43  4:17  SCV  
  43  4:26  SCV  
  43  4:29  SCV  
  43  4:52  SCV x2  
  45  4:53  Barracks Tech Lab  
  45  4:54  Barracks Reactor, Barracks Tech Lab  
  45  4:57  Engineering Bay  
  45  4:58  Engineering Bay  
  45  4:59  Armory  
  45  5:04  SCV  
  46  5:14  Supply Depot  
  46  5:19  SCV x2  
  46  5:20  Supply Depot  
  48  5:31  SCV  
  48  5:34  Marine x2  
  44  5:36  Marauder x2  
  44  5:37  Concussive Shells  
  46  5:53  SCV x2  
  48  5:58  Terran Infantry Armor Level 1, Marauder, Terran Infantry Weapons Level 1  
  48  6:03  Refinery  
  50  6:04  Refinery  
  50  6:05  SCV  
  50  6:06  Marauder  
  53  6:13  Marine  
  53  6:14  Marine x2  
  53  6:16  Starport Reactor  
  56  6:18  SCV  
  56  6:19  SCV  
  58  6:26  Marine  
  58  6:27  Marine  
  60  6:36  Marine x3  
  63  6:41  Widow Mine x2  
  63  6:45  SCV x2  
  69  6:47  Stimpack  
  69  6:57  SCV x2  
  71  7:01  Medivac x2  
  71  7:02  Widow Mine  
  77  7:09  Combat Shield  
  77  7:10  Marine  
  78  7:27  Marine x4  
  78  7:28  Widow Mine, SCV x2  
  86  7:40  SCV  
  86  7:48  Marine x2  
  83  8:10  Marine x3  
  80  8:17  Marine x2  
  79  8:28  Marine x3  
  79  8:30  Terran Infantry Armor Level 2, Terran Infantry Weapons Level 2  
  82  8:35  Marauder x2  
  86  8:46  Marine x3  
  81  8:53  Barracks, Terran Ship Weapons Level 1  
  81  8:54  Barracks  
  80  8:56  Barracks  
  80  8:57  Marauder x2  
  84  9:03  Marine  
  84  9:04  Marine x2  
  87  9:13  Command Center  
  87  9:15  SCV x2  
  89  9:18  Marauder x2  
  89  9:21  Marine  
  94  9:39  Supply Depot  
  94  9:40  Supply Depot  
  94  10:00  Marine  
  94  10:01  SCV x2, Marauder, Marine x5, Medivac x2  
  94  10:06  Marine  
  96  10:18  Marine x5  
  96  10:19  Marine  
  89  10:22  Marine  
  89  10:24  Marine  
  77  10:36  Marine x4  
  77  10:37  Marauder, Marine  
  77  10:40  Marauder  
  77  10:42  Marine, Medivac x2  
  91  10:54  Marine x5  
  95  10:58  Marine  
  95  11:00  Marine  
  95  11:02  Marauder  
  99  11:11  Marine  
  99  11:12  Marine x4, Medivac x2  
  99  11:16  Marauder  
  108  11:20  Terran Infantry Weapons Level 3  
  108  11:23  Marine  
  110  11:31  Sensor Tower  
  110  11:34  Marine  
  110  11:35  Barracks Tech Lab  
  110  11:36  Barracks Tech Lab  
  110  11:40  Ghost Academy  
  110  12:09  Marine  
  110  12:10  Marauder, Marine x3  
  110  12:11  Marine  
  110  12:14  Marauder  
  108  12:15  Liberator  
  108  12:16  Marauder  
  108  12:18  Liberator  
  96  12:27  Marine  
  96  12:28  Marauder, Marine x3  
  97  12:31  Marine  
  97  12:35  Marine  
  97  12:36  Marine  
  97  12:42  Command Center  
  98  12:44  Marine  
  98  12:46  Marine x3  
  98  12:49  Marauder, Marine  
  105  12:53  Marauder  
  105  12:54  Marine  
  108  13:02  Marine  
  108  13:03  Marine  
  110  13:06  Marine x2  
  86  13:34  Marine x4  
  86  13:35  Marauder x3, Unknown  
  86  13:40  Marine  
  84  13:52  Marine x4  
  84  13:54  Planetary Fortress  
  88  13:56  Marauder x3  
  88  13:58  Marine  
  95  14:10  SCV, Marine x4  
  95  14:11  SCV  
  95  14:15  Marine  
  102  14:17  Marine  
  102  14:23  SCV  
  104  14:26  Marine x2  
  106  14:35  SCV x3  
  109  14:41  Marine x2  
  111  14:46  Marine x2  
  111  14:47  SCV  
  116  15:00  Marine x3  
  107  15:09  Marine x3  
  107  15:10  Marauder  
  108  15:18  Marine  
  109  15:23  Unknown  
  109  15:27  Marine x3  
  109  15:28  Marauder  
  107  15:33  Marine x2  
  106  15:37  Liberator  
  109  15:49  Marine x2  
  111  15:51  Marine x2  
  109  16:12  Marine  
  109  16:13  Marauder, Marine x2  
Show
View Real Time Build Order
Export as new Build Order

Правоверный Terran 

Build Orders:  

Get SALT Encoding   

  12  0:14  Supply Depot  
  12  0:23  SCV  
  13  0:36  SCV  
  13  0:39  Barracks  
  14  0:45  Refinery  
  14  0:48  SCV  
  15  1:10  SCV  
  16  1:22  Barracks  
  17  1:50  Reaper  
  17  1:53  SCV  
  18  2:06  SCV  
  19  2:16  Marine  
  19  2:18  SCV  
  19  2:22  Reaper  
  22  2:23  Supply Depot  
  22  2:34  Marine  
  23  2:52  Marine  
  23  2:54  Marine  
  25  3:09  Marine  
  25  3:12  Marine  
  27  3:27  Marine  
  27  3:29  Marine  
  28  3:47  Marine  
  30  3:54  Factory  
  30  3:55  Factory  
  30  3:58  Barracks Tech Lab  
  30  3:59  Barracks  
  30  4:02  Engineering Bay  
  29  4:03  SCV  
  30  4:15  SCV  
  31  4:31  Supply Depot  
  31  4:53  SCV  
  31  4:54  Supply Depot  
  31  4:58  Refinery  
  32  5:05  SCV  
  32  5:07  Factory Tech Lab x2  
  33  5:12  Barracks Reactor, Command Center  
  33  5:16  Combat Shield  
  33  5:17  SCV  
  33  5:21  Marine x2  
  36  5:38  Marine  
  36  5:39  Marine  
  38  5:49  Marine x2  
  40  5:56  Marine  
  41  5:57  Marine  
  41  6:03  Supply Depot  
  41  6:04  Supply Depot  
  42  6:05  Siege Tank  
  45  6:23  Siege Tank  
  48  6:26  Supply Depot  
  48  6:32  Marauder  
  50  6:35  Stimpack  
  50  6:39  Terran Infantry Weapons Level 1  
  50  6:53  Marauder  
  52  6:55  SCV x2  
  52  6:59  Marine x3  
  57  7:06  Supply Depot  
  57  7:07  SCV x2  
  59  7:14  Marauder  
  61  7:16  Marine  
  61  7:17  Marine  
  50  8:30  Marine  
  50  8:31  Marine x2  
  50  8:32  Marauder  
  55  8:43  Refinery  
  55  8:53  Cyclone, Marauder  
  55  8:54  Cyclone  
  48  9:06  Supply Depot  
  48  9:07  Supply Depot x2  
  47  9:13  Terran Infantry Armor Level 1  
  47  9:15  Marauder  
  49  9:17  Armory  
  49  9:25  Cyclone  
  49  9:26  Cyclone  
  49  9:29  Starport  
  55  9:48  Marine x3  
  58  9:56  Orbital Command  
  58  9:58  Barracks Reactor, Cyclone x2  
  64  10:05  Marine  
  59  10:34  Marine x5  
  61  10:40  Cyclone x2  
  67  10:51  Refinery, Marine  
  49  11:12  Cyclone x2  
  55  11:23  Marine x3  
  55  11:24  Marine  
  59  11:44  Hellbat x2  
  57  12:05  Hellbat  
  57  12:06  Hellbat  
  57  12:26  Siege Tank  
  57  12:27  Siege Tank  
  58  12:49  Marine x5  
  63  12:59  Siege Tank x2  
  63  13:02  Terran Infantry Weapons Level 2  
  63  13:03  Barracks  
  69  13:07  Barracks, Marine x4  
  69  13:31  Siege Tank x2  
  55  13:47  Marine x2  
  55  13:48  Marine x3  
  58  14:03  Siege Tank x2  
  58  14:05  Marine x5  
  58  14:06  Marine  
  58  14:07  Marine  
  71  14:20  SCV  
  71  14:23  SCV, Marine x5  
  78  14:32  SCV  
  79  14:44  SCV  
  80  14:56  SCV  
  80  14:57  Hellbat x2  
  85  15:18  Hellbat  
  85  15:19  Hellbat  
  86  16:17  Marine  
  86  16:18  Marine x6  
Show
View Real Time Build Order
Export as new Build Order

Massa Terran - Winner!

Build Orders:  

Get SALT Encoding   

  12  0:00  SCV  
  13  0:12  SCV  
  14  0:24  SCV  
  14  0:25  Supply Depot  
  15  0:45  Refinery  
  15  0:46  SCV  
  15  0:49  Barracks  
  16  0:58  SCV  
  17  1:11  SCV  
  18  1:23  SCV  
  19  1:35  SCV  
  20  1:47  SCV  
  20  1:50  Reaper  
  20  1:53  Barracks  
  22  1:59  SCV  
  23  2:08  Command Center  
  23  2:21  SCV  
  23  2:32  Supply Depot  
  23  2:35  Engineering Bay  
  23  2:36  Supply Depot  
  23  2:46  Factory  
  23  2:54  Reaper x2  
  22  3:06  Orbital Command  
  21  3:26  Reaper x2  
  21  3:47  SCV  
  22  3:58  Marine x2  
  22  3:59  SCV  
  26  4:10  Orbital Command  
  26  4:11  SCV  
  26  4:18  Refinery  
  26  4:23  SCV  
  26  4:24  Armory  
  27  4:25  Factory Tech Lab  
  27  4:36  SCV  
  24  4:56  Barracks Tech Lab  
  24  4:58  Barracks Tech Lab  
  24  5:07  Barracks  
  24  5:12  Supply Depot  
  24  5:16  Supply Depot  
  24  5:20  Supply Depot  
  24  5:22  Supply Depot  
  24  5:23  SCV x2  
  24  5:26  Siege Tank  
  24  5:28  Marauder x2  
  33  5:35  SCV x2  
  34  5:47  SCV  
  34  5:49  SCV, Marauder  
  38  5:53  Missile Turret  
  38  5:58  Missile Turret  
  38  5:59  SCV, Terran Infantry Weapons Level 1  
  38  6:01  SCV  
  38  6:03  Missile Turret  
  40  6:04  Missile Turret  
  40  6:11  SCV  
  40  6:12  Barracks Reactor  
  40  6:13  SCV  
  42  6:18  Missile Turret  
  42  6:23  Refinery, SCV, Siege Tank  
  46  6:27  Marine  
  48  6:33  Marauder  
  49  6:41  Command Center  
  49  6:46  Marauder  
  51  6:48  Marine x2  
  51  6:51  Stimpack  
  53  6:59  SCV x2  
  55  7:11  SCV x2  
  57  7:19  Siege Tank  
  60  7:24  Concussive Shells  
  60  7:25  Marine x2  
  60  7:27  Marauder x2  
  60  7:29  SCV  
  68  7:30  SCV  
  68  7:37  Starport  
  68  7:42  SCV x2  
  68  7:43  Marine x2  
  72  7:54  SCV  
  73  8:01  Marauder x2  
  74  8:13  Marine  
  74  8:14  Marine  
  76  8:22  Marauder  
  76  8:23  Marauder  
  76  8:24  Widow Mine  
  82  8:31  Marine x2  
  82  8:44  Marauder x2  
  82  8:46  Widow Mine  
  88  8:49  Marine x2  
  72  9:05  Marauder x2  
  72  9:07  Widow Mine, Marine  
  72  9:08  Medivac  
  81  9:11  Marine  
  82  9:25  Marine  
  82  9:27  Marauder x2  
  82  9:29  Marine  
  88  9:37  Medivac  
  90  9:39  Siege Tank  
  90  9:42  Marine  
  94  9:46  Barracks  
  94  9:47  Marine  
  94  9:48  Marauder x2  
  99  9:55  Barracks  
  99  10:00  Marine  
  99  10:05  Marine  
  95  10:07  Medivac  
  95  10:09  Marauder x2  
  88  10:31  Marauder x2  
  89  10:37  Marine x2  
  91  10:48  SCV  
  92  10:52  Marauder x2  
  92  10:55  Marine x2  
  98  11:01  SCV  
  99  11:10  Combat Shield  
  95  11:13  SCV, Marauder, Marine x3  
  101  11:34  Supply Depot  
  101  11:35  Supply Depot  
  101  11:36  Supply Depot  
  101  11:38  Supply Depot  
  101  11:45  Orbital Command  
  101  11:56  Marauder, Marine x3  
  101  12:01  Supply Depot x2  
  106  12:02  Supply Depot  
  106  12:03  Supply Depot  
  106  12:14  Marine x3  
  102  12:18  Marauder  
  95  12:26  Supply Depot x3  
  90  12:31  Marine x2  
  90  12:32  Marauder  
  94  12:38  Siege Tank  
  94  12:39  Marauder  
  97  12:49  Marine x2  
  99  12:53  Marauder  
  99  12:56  Medivac  
  103  13:00  Marine  
  104  13:07  Marine x2  
  104  13:11  Siege Tank  
  109  13:15  Marauder  
  109  13:18  Marauder  
  113  13:22  Barracks Tech Lab x2  
  113  13:24  Command Center  
  113  13:26  Medivac  
  115  13:36  Marauder  
  115  13:40  Marauder  
  118  13:43  Siege Tank  
  121  13:56  Medivac  
  123  14:26  Viking  
  125  14:34  SCV  
  125  14:35  SCV x2  
  128  14:39  Orbital Command  
  128  14:46  SCV  
  128  14:47  SCV x2  
  131  14:56  Viking  
  131  14:58  SCV  
  131  14:59  SCV x2  
  136  15:10  SCV  
  136  15:11  SCV x2  
  136  15:23  SCV x3  
  136  15:25  Marauder  
  136  15:26  Marauder x3, Marine, Viking  
  136  15:27  Marine  
  145  15:31  Siege Tank  
  148  15:42  Factory  
  148  15:44  Factory, Marine x2  
  148  15:47  Marauder x4  
  158  15:56  Viking  
  160  16:02  Marine x2  
  160  16:03  Siege Tank  
  165  16:08  Marauder x4  
  170  16:20  Marine x2  
  172  16:26  Factory  
Show
View Real Time Build Order
Export as new Build Order

qqq Zerg - Winner!

Build Orders: Hatch First 

Get SALT Encoding   

  12  0:00  Drone  
  13  0:08  Drone  
  14  0:39  Hatchery  
  13  0:51  Spawning Pool  
  12  0:58  Overlord  
  12  1:03  Drone  
  13  1:06  Extractor  
  13  1:08  Drone  
  13  1:13  Drone  
  14  1:20  Drone  
  15  1:32  Drone  
  16  1:38  Queen  
  18  1:45  Drone  
  19  1:56  Queen  
  19  1:57  Drone  
  19  2:00  Drone  
  23  2:04  Drone  
  24  2:14  Drone  
  24  2:15  Drone  
  26  2:16  Drone  
  27  2:22  Metabolic Boost  
  27  2:29  Drone  
  28  2:38  Roach Warren  
  28  2:42  Drone  
  28  2:45  Overlord  
  28  3:04  Zergling x8  
  28  3:05  Zergling x2  
  33  3:07  Drone  
  33  3:08  Drone x2  
  36  3:40  Overlord x2  
  36  3:49  Overlord  
  36  3:53  Lair  
  36  3:57  Pneumatized Carapace  
  36  4:00  Hatchery  
  36  4:01  Drone  
  36  4:02  Drone  
  37  4:08  Hatchery  
  36  4:11  Drone x3  
  36  4:12  Drone  
  36  4:16  Zergling x2  
  41  4:19  Zergling x2  
  41  4:21  Roach  
  44  4:29  Zergling x2  
  44  4:31  Drone  
  46  4:42  Roach  
  46  4:43  Roach  
  50  4:54  Drone  
  50  4:55  Infestation Pit, Roach  
  50  4:56  Roach x2  
  50  4:57  Drone x4  
  60  5:12  Drone x3  
  60  5:14  Roach  
  65  5:21  Extractor  
  62  5:42  Spore Crawler  
  58  5:53  Drone  
  58  5:54  Drone x8  
  58  5:55  Drone  
  68  5:57  Drone x3  
  68  5:58  Hive  
  68  5:59  Drone  
  72  6:04  Evolution Chamber  
  72  6:07  Drone  
  72  6:14  Extractor  
  72  6:15  Extractor  
  70  6:23  Spore Crawler  
  70  6:25  Drone x3  
  70  6:26  Spore Crawler  
  68  6:37  Queen  
  70  6:42  Spore Crawler x2  
  70  6:43  Spore Crawler  
  70  6:44  Drone x3  
  70  6:46  Spine Crawler  
  69  7:16  Zerg Ground Armor Level 1  
  69  7:17  Ultralisk Cavern, Zergling x2  
  69  7:18  Zergling x2  
  69  7:19  Adrenal Glands  
  69  7:20  Zergling x2  
  69  7:21  Zergling x6  
  71  7:41  Zergling x2  
  71  7:42  Overlord x3  
  71  7:43  Overlord x3  
  68  7:57  Overlord x4  
  57  8:07  Roach  
  57  8:08  Roach  
  57  8:09  Roach  
  60  8:18  Drone  
  59  8:20  Ultralisk x2  
  59  8:26  Anabolic Synthesis  
  61  8:38  Drone x2  
  63  8:41  Spore Crawler  
  57  8:49  Hatchery  
  52  8:59  Drone x5  
  57  9:10  Drone x3  
  57  9:11  Queen  
  62  9:21  Drone x2, Spore Crawler  
  62  9:22  Drone x2  
  62  9:24  Zergling x6, Ultralisk  
  71  9:25  Zergling x4  
  71  9:27  Drone  
  77  9:34  Drone  
  77  9:35  Drone  
  79  9:52  Ultralisk x2  
  91  9:54  Zergling x2  
  91  9:55  Drone  
  93  10:00  Overlord  
  81  10:19  Zergling x6, Ultralisk  
  81  10:20  Zergling x2  
  80  10:34  Drone x6  
  86  10:45  Zergling x6  
  89  10:52  Chitinous Plating  
  89  10:53  Hatchery  
  89  10:54  Zerg Melee Weapons Level 1, Spire  
  76  11:12  Zergling x8, Ultralisk  
  86  11:22  Drone x6  
  92  11:42  Drone x2, Spore Crawler  
  92  11:44  Ultralisk  
  92  11:45  Zergling x2  
  92  11:46  Roach x3  
  106  11:57  Hatchery  
  105  12:04  Viper  
  105  12:08  Corruptor x2  
  108  12:09  Mutalisk  
  111  12:22  Ultralisk  
  95  12:34  Zergling x4  
  95  12:35  Drone, Zergling x4  
  95  12:36  Drone x7  
  95  12:37  Drone  
  107  12:39  Extractor  
  107  12:40  Extractor  
  107  12:41  Spore Crawler  
  107  12:43  Spine Crawler x2  
  102  12:48  Zerg Ground Armor Level 2  
  102  12:56  Ultralisk  
  108  13:04  Zergling x2, Ultralisk  
  108  13:05  Zergling x6  
  101  13:30  Corruptor x2  
  101  13:31  Ultralisk  
  101  13:32  Zergling x2  
  101  13:34  Drone x5, Zergling x4  
  101  13:35  Zergling x8  
  101  13:44  Drone x4  
  101  13:47  Spore Crawler  
  104  13:49  Drone  
  104  13:50  Spine Crawler  
  104  13:59  Zergling x6, Ultralisk  
  104  14:01  Roach  
  115  14:10  Extractor  
  114  14:22  Corruptor  
  114  14:23  Ultralisk  
  122  14:25  Roach x3  
  122  14:26  Drone  
  122  14:27  Drone x7  
  122  14:28  Drone x2  
  138  14:40  Drone x2  
  138  14:42  Drone x4  
  143  14:51  Viper  
  152  14:53  Ultralisk  
  152  14:55  Roach x2  
  151  15:11  Zergling x6, Ultralisk  
  151  15:13  Overlord x2  
  159  15:14  Corruptor x2  
  159  15:16  Zergling x2  
  148  15:30  Zergling x2, Ultralisk  
  148  15:31  Zergling x4  
  156  15:47  Corruptor  
  164  15:50  Ultralisk  
  164  15:52  Zergling x2  
  164  15:53  Drone x3, Zergling x2  
  164  15:54  Drone x2  
  164  15:56  Extractor  
  170  15:57  Extractor  
  170  16:02  Extractor  
  170  16:03  Drone x3  
  171  16:05  Extractor  
  171  16:06  Zergling x2  
  179  16:19  Zergling x2  
Tags
 
Add a new tag
Caveats
  • Supply blocks, unpowered buildings, or Contaminate may cause inaccurate times.
  • Supply counts are checked every 10 seconds.